Description

Maru gets quite badly supply blocked in this game, though the build is still good. I've tried fixing this by moving 3rd supply (and the next 2) 30 seconds earlier. In the game he trades the reaper and hellion as well as some mines for mines and scouting, which adds some variance to the need for supply.

VOD

https://www.youtube.com/watch?v=ckVmrMEUE7Y

Replay - 2020-01-07 - (T)Maru VS (P)llllllllllll

Build Order

Get SALT Encoding   

  12  0:00  SCV  
  13  0:13  SCV  
  14  0:16  Supply Depot  
  14  0:25  SCV  
  15  0:38  SCV  
  15  0:39  Barracks  
  16  0:43  Refinery  
  16  0:50  SCV  
  17  1:02  SCV  
  18  1:14  SCV  rally to ramp to fend off probe harass
  19  1:26  Reaper  
  19  1:27  Orbital Command  defensive SCV builds depot after
  20  1:43  Command Center  
  20  1:49  Supply Depot  
  20  1:52  SCV  rallied to build factory
  21  1:58  Marine  
  22  2:04  SCV  
  22  2:07  Factory  
  23  2:16  Bunker  
  23  2:17  SCV  
  23  2:21  Barracks Reactor  
  24  2:24  Refinery  
  24  2:29  SCV  
  24  2:41  SCV  
  25  2:53  SCV  
  25  2:54  Starport, Orbital Command, Hellion  
  28  2:58  Marine x2  
  30  3:08  SCV  
  31  3:16  Marine x2  
  31  3:17  Widow Mine  
  35  3:20  SCV x2  
  46  3:30  Supply Depot  
  37  3:32  SCV x2  
  41  3:36  Marine x2  
  41  3:37  Medivac  
  41  3:38  Widow Mine  
  45  3:44  SCV  
  46  3:50  SCV  
  46  3:54  Barracks  
  50  3:55  Supply Depot  
  45  3:57  SCV  
  46  4:02  Factory Tech Lab  
  46  4:07  Engineering Bay  
  46  4:08  Starport Tech Lab  
  54  4:13  Supply Depot  
  46  4:16  SCV x2, Marine x2  
  50  4:26  Raven  
  50  4:28  Barracks  
  50  4:29  SCV x2  
  50  4:30  Refinery  
  54  4:34  Terran Infantry Weapons Level 1  
  54  4:39  Marine x2  
  56  4:49  SCV  
  56  4:52  Stimpack, Marauder  
  57  4:55  SCV  
  57  4:56  Marine x2  
  57  4:58  Supply Depot  
  60  5:01  SCV  
  61  5:07  SCV  
  61  5:13  Marine x3, SCV  
  64  5:14  Supply Depot  
  64  5:15  Starport Reactor, Factory Reactor  
  64  5:19  SCV  
  67  5:21  Supply Depot, Combat Shield  
  67  5:25  Marauder, SCV  
  70  5:31  Marauder, SCV  
  70  5:32  Marine x2  
  75  5:36  Supply Depot  
  75  5:37  SCV  
  75  5:44  SCV  
  75  5:47  Marauder  
  75  5:48  Refinery  
  78  5:50  Marine x2  
  78  5:52  Medivac x2  
  78  5:53  Marauder  
  86  5:59  Widow Mine x2  
  86  6:01  Supply Depot  
  90  6:08  Marine x2  
  92  6:12  Marauder x2  
  92  6:18  Command Center  
  96  6:22  Medivac  
  98  6:30  Marine x2  
  98  6:32  Widow Mine x2  
  102  6:34  Marauder x2, Supply Depot  
  102  6:35  SCV x2  
  102  6:37  Concussive Shells  
  108  6:48  SCV  
  109  6:54  Terran Infantry Armor Level 1  
  109  6:56  Marauder  
  109  6:59  Barracks x2  
  109  7:00  Widow Mine  
  113  7:05  Medivac  
  103  7:16  Medivac  
  103  7:20  SCV x2  
  106  7:25  Widow Mine x2  
  106  7:29  Marauder x2, Marine  
  114  7:32  SCV  
  114  7:35  Medivac  
  114  7:37  Orbital Command  
  117  7:43  SCV x2  
  118  7:47  Barracks Reactor, Barracks Tech Lab  
  118  7:49  Supply Depot x2  
  117  7:51  Marine x2  
  117  7:52  Marauder x2  
  117  7:55  SCV x2  
  125  8:00  Starport  
  125  8:05  Widow Mine x2  
  129  8:09  Marine x2  
  129  8:12  Marauder x3  
  131  8:16  Medivac x2  
  131  8:18  SCV x3  
  140  8:23  Marine  
  141  8:34  Marauder x2, SCV x2  
  143  8:35  Refinery x2  
  143  8:36  Engineering Bay  
  143  8:37  Marine  
  143  8:38  Armory, Supply Depot  
  142  8:48  Marine x2  
  142  8:49  Marauder  
  142  8:55  Marauder x2  
  143  8:57  Widow Mine  
  137  9:03  Marine  
Spawning Tool Build Advisor. Get it on Overwolf

Go to:

Details

  • Created by: Luye
  • Published on: Jan 26, 2020
  • Modified on: Jan 27, 2020
  • Patch: 4.11.0
Show
View Real Time Build Order
Export as new Build Order

Comments (0)

There are no comments. Be the first!

Create an account to comment!